 Dungeon Crawl Stone Soup version 0.21.0-37-g46506fa5f3 (webtiles) character file.

142 DildoBatman the Sneak (level 5, -7/41 HPs)
             Began as a Formicid Enchanter on Jan 31, 2018.
             Killed by divine providence
             ... invoked by an orc priest
              (15 damage)
             ... on level 5 of the Dungeon.
             The game lasted 00:06:25 (2560 turns).

DildoBatman the Sneak (Formicid Enchanter)          Turns: 2560, Time: 00:06:25

Health: -7/41      AC:  6    Str: 13    XL:     5   Next: 49%
Magic:  8/8        EV: 11    Int: 15    God:
Gold:   165        SH:  0    Dex: 11    Spells: 4/8 levels left

rFire    + . .     SeeInvis +   a - +4 short sword
rCold    x . .     Gourm    .   (no shield)
rNeg     . . .     Faith    .   f - +0 ring mail
rPois    .         Spirit   .   (helmet unavailable)
rElec    .         Reflect  .   e - +0 cloak
rCorr    .         Harm     .   (no gloves)
MR       .....                  (no boots)
Stlth    ++........             (no amulet)
HPRegen  0.13/turn              i - ring of fire
MPRegen  0.11/turn              (no ring)

@: no status effects
A: permanent stasis, dig shafts and tunnels, four strong arms, antennae 3
a: Dig, Shaft Self


You were on level 5 of the Dungeon.
You were very hungry.

You visited 1 branch of the dungeon, and saw 5 of its levels.

You collected 165 gold pieces.

Inventory:

Hand Weapons
 a - a +4 short sword (weapon)
 l - a +0 short sword of holy wrath
Armour
 b - a +0 robe
 e - a +0 cloak (worn)
 f - a +0 ring mail (worn)
Jewellery
 i - a ring of fire (left hand)
Wands
 s - a wand of flame (33)
Scrolls
 d - 3 scrolls of identify {unknown}
 g - 2 scrolls of random uselessness {unknown}
 j - a scroll of enchant armour {unknown}
 k - a scroll of noise {unknown}
 m - a scroll of remove curse {unknown}
 n - 2 scrolls of teleportation {unknown}
 o - a scroll of magic mapping {unknown}
 p - 2 scrolls of amnesia {unknown}
 q - a scroll of fog {unknown}
Potions
 r - a potion of resistance {unknown}
 t - a potion of might {unknown}
Books
 c - a book of Maledictions

   Spells                             Type                      Level
   a - Corona                         Hexes                        1
   b - Ensorcelled Hibernation        Hexes/Ice                    2
   c - Confuse                        Hexes                        3
   d - Tukima's Dance                 Hexes                        3
   e - Dazzling Spray                 Conjuration/Hexes            3
Comestibles
 v - 9 rations


   Skills:
 * Level 3.2 Fighting
 - Level 1.0 Short Blades
 * Level 2.8 Armour
 * Level 2.2 Dodging
 * Level 4.3 Stealth
 - Level 2.1 Spellcasting
 - Level 3.6 Hexes


You had 4 spell levels left.
You knew the following spells:

 Your Spells              Type           Power        Failure   Level  Hunger
a - Corona                Hex            ##.....      10%         1    #......
b - Confuse               Hex            ##......     30%         3    ###....


Dungeon Overview and Level Annotations

Branches:
Dungeon (5/15)
 Temple: D:4-7

Altars:
Elyvilon
Makhleb
Vehumet

Annotations:
D:3 hofbold's ghost, amateur FoFi
D:4 exclusion: worker ant, Robin


Innate Abilities, Weirdness & Mutations

You cannot be hasted, slowed, berserked, paralysed or teleported.
You can dig through walls and to a lower floor.
Your four strong arms can wield two-handed weapons with a shield.
You have a pair of large antennae on your head. (SInv)


Message History

The orc priest completely misses you. The orc barely misses you.
The orc priest hits you but does no damage.
You extend your mandibles.
You dig through the rock wall.
An ice beast and an orc come into view.
The orc throws a tomahawk.
The tomahawk hits you. The orc hits you.
You see here a tomahawk.
You dig through the rock wall.
You are feeling very hungry.
The orc priest hits you but does no damage.
You retract your mandibles.
The orc priest calls down the wrath of Beogh upon you.
Beogh smites you! The orc barely misses you.
The orc priest invokes the aid of Beogh against you.
Beogh smites you!
You die...

###....########...#
#(.........#....#
###.....>..+ ...#
###..##....# ..# .
+....##....####+#..
#......^...#....... ⌠
###..##....+....... ..
#..####'##.......
#'######.@#.............
...'..Y...#......#######
..#....o.#......'.....#
#..#.o.#......#.....#
#..(#o##......#..####
#..#.o..##########
#..#....# #..'....#
#..#....#


You could see an ice beast, 2 orc priests and 2 orcs.

Vanquished Creatures
  A hound (D:2)
  A howler monkey skeleton (D:5)
  2 adders
  A worm (D:3)
  2 dart slugs
  2 leopard geckos (D:2)
  3 orcs
  8 bats
  7 giant cockroaches
  7 goblins
  11 hobgoblins
  2 ball pythons
  6 frilled lizards
  9 kobolds
  7 rats
69 creatures vanquished.

Notes
Turn   | Place    | Note
-------+----------+-------------------------------------------
     0 | D:1      | DildoBatman the Formicid Enchanter began the quest for the Orb.
     0 | D:1      | Reached XP level 1. HP: 13/13 MP: 3/3
    70 | D:1      | Reached skill level 1 in Fighting
   340 | D:1      | Reached XP level 2. HP: 21/21 MP: 5/5
   845 | D:1      | Reached XP level 3. HP: 28/28 MP: 4/6
   850 | D:1      | Learned a level 3 spell: Confuse
   968 | D:2      | Found a burning altar of Makhleb.
   969 | D:2      | Found a radiant altar of Vehumet.
  1192 | D:2      | Reached XP level 4. HP: 35/35 MP: 7/7
  1209 | D:2      | Reached skill level 1 in Armour
  1285 | D:2      | Reached skill level 4 in Stealth
  1678 | D:3      | Found a white marble altar of Elyvilon.
  1694 | D:3      | Reached XP level 5. HP: 30/41 MP: 6/8
  1770 | D:3      | Noticed hofbold's ghost (amateur FoFi)
  1994 | D:4      | Noticed Robin
  2465 | D:5      | Entered Level 5 of the Dungeon
  2556 | D:5      | Noticed an ice beast
  2560 | D:5      | Killed from afar by an orc priest

Skill      XL: |  1  2  3  4 |
---------------+-------------+-----
Fighting       | 1 2 3 |  3.2
Dodging        | 2 |  2.2
Armour         | 2 |  2.8
Stealth        | 4 |  4.3
Short Blades   | |  1.0
Spellcasting   | |  2.1
Hexes          | |  3.6

Action                   |  1- 3 |  4- 6 || total
-------------------------+-------+-------++-------
Melee: Dagger            |    63 |       ||    63
       Short sword       |    34 |   104 ||   138
 Cast: Corona            |     7 |     4 ||    11
       Confuse           |       |     1 ||     1
 Abil: Dig               |     1 |     3 ||     4
 Stab: Sleeping          |     6 |     4 ||    10
  Eat: Chunk             |     1 |     4 ||     5
Armor: Robe              |    20 |       ||    20
       Ring mail         |    16 |    40 ||    56
Dodge: Dodged            |    51 |    62 ||   113
